AoeStats
← Oldspice

African Clearing

505758456Analyzed
3v3 RM · 21d ago on Sep 10, 2026· 49m 55s· 6 players
Game mode
Random Map
Map size
Normal (6 player)
Population
200
Speed
Normal
Resources
Standard
Victory
Conquest
Starting age
Dark Age
Ending age
Imperial Age
RankedLock teamsTeams togetherTeam positionsShared explorationLock speedFull tech treeHidden civsTurbo modeCheats
Victory
Defeat
🇪🇸 Vikings · Spain
1552
+13
🇨🇳 Shu · China
1547
+14
🇺🇸 Slavs · United States
1488
+17
🇺🇸 Portuguese · United States
1525
-16
🇺🇸 Teutons · United States
1525
-16
🇺🇸 Khmer · United States
1430
-12
Boomer
8:03 Loom
11:51 Feudal Age
12:25 Double-Bit Axe
14:46 Horse Collar
17:03 Town Watch
17:15 Fletching
19:44 Wheelbarrow
19:51 Wheelbarrow
23:28 Castle Age
22:50 Padded Archer Armor
23:12 Gold Mining
23:42 Crossbowman
24:23 Bodkin Arrow
25:34 Bow Saw
29:23 Ballistics
29:41 Leather Archer Armor
33:16 Hand Cart
38:02 Masonry
37:49 Murder Holes
38:05 Masonry
46:30 Imperial Age
47:10 Thumb Ring
47:41 Bracer
48:43 Chemistry
48:21 Conscription
TheHairlessBear
7:39 Loom
13:22 Feudal Age
14:08 Double-Bit Axe
16:39 Castle Age
16:40 Bloodlines
16:46 Gold Mining
17:28 Husbandry
20:30 Scale Mail Armor
20:42 Forging
22:01 Iron Casting
Oldspice
13:58 Feudal Age
12:17 Loom
15:10 Double-Bit Axe
15:57 Scale Barding Armor
16:06 Forging
16:44 Horse Collar
20:41 Bloodlines
25:44 Castle Age
28:14 Heavy Plow
30:18 Wheelbarrow
31:45 Scale Mail Armor
32:21 Iron Casting
32:00 Stone Mining
32:00 Gold Mining
32:25 Town Watch
33:12 Hand Cart
35:07 Squires
36:11 Chain Mail Armor
40:29 Imperial Age
38:51 Fletching
39:26 Bodkin Arrow
41:48 Plate Mail Armor
43:03 Elite Teutonic Knight
46:28 Blast Furnace
45:08 Cavalier
47:27 Chain Barding Armor
hzos6240
12:40 Feudal Age
11:02 Loom
13:38 Double-Bit Axe
16:25 Castle Age
18:02 Bow Saw
25:12 Wheelbarrow
24:36 Horse Collar
25:57 Heavy Plow
25:54 Gold Mining
26:39 Town Watch
27:00 Stone Mining
31:48 Imperial Age
29:39 Hand Cart
29:53 Scale Barding Armor
29:59 Forging
31:18 Chain Barding Armor
31:54 Husbandry
32:50 Conscription
33:06 Plate Barding Armor
31:53 Heavy Hei Guang Cavalry
36:35 Coinage
36:40 Devotion
39:34 Two-Man Saw
41:05 Fletching
41:16 Padded Archer Armor
41:54 Bodkin Arrow
42:59 Leather Archer Armor
43:06 Ballistics
43:47 Chemistry
43:04 Guilds
42:25 Crossbowman
43:11 Thumb Ring
42:54 Arbalester
44:11 Bracer
44:42 Ring Archer Armor
45:35 Bolt Magazine
45:55 Capped Ram
46:24 Light Cavalry
46:55 Siege Ram
50:06 Masonry
Advanta09
10:58 Loom
13:08 Feudal Age
13:51 Man-at-Arms
19:11 Castle Age
18:40 Fletching
18:55 Double-Bit Axe
22:41 Wheelbarrow
25:29 Horse Collar
30:57 Town Watch
35:25 Bow Saw
35:07 Gold Mining
42:03 Hand Cart
46:55 Imperial Age
46:11 Detinets
47:22 Heavy Plow
47:58 Gold Shaft Mining
47:14 Stone Mining
47:23 Bodkin Arrow
46:57 Capped Ram
47:13 Heavy Scorpion
48:16 Ballistics
50:28 Siege Engineers
51:24 Chemistry
50:35 Masonry
49:48 Siege Ram
Penéfago
6:08 Loom
7:46 Loom
13:49 Feudal Age
14:49 Double-Bit Axe
16:03 Gold Mining
18:38 Castle Age
20:00 Fletching
20:43 Bow Saw
20:42 Pikeman
21:28 Bodkin Arrow
21:24 Crossbowman
23:30 Pikeman
28:52 Padded Archer Armor
31:09 Ballistics
32:06 Leather Archer Armor
32:48 Gold Shaft Mining
32:03 Stone Mining
32:48 Gold Shaft Mining
35:34 Horse Collar
38:30 Heavy Plow
38:43 Town Watch
41:44 Imperial Age
41:25 Chieftains
42:10 Scale Mail Armor
42:21 Forging
42:22 Masonry
43:20 Crop Rotation
42:20 Arbalester
43:02 Bracer
43:34 Ring Archer Armor
43:20 Chain Mail Armor
43:15 Forging
44:39 Two-Man Saw
45:38 Chemistry
44:43 Siege Engineers
45:09 Architecture
45:23 Bogsveigar
45:43 Conscription
45:48 Squires
45:34 Arson
46:21 Plate Mail Armor
47:11 Conscription
46:12 Elite Berserk
47:27 Hoardings
47:36 Iron Casting
50:14 Blast Furnace
Connection lost

Rejoining the realm…

Still unreachable

The connection could not be restored.

Session expired

The server has moved on; the page needs a fresh start.